 Dungeon Crawl Stone Soup version 0.18.1-6-gd335043 (webtiles) character file.

170 M4edhros the Conjurer (level 5, -2/35 HPs)
             Began as a Mummy Conjurer on May 16, 2016.
             Slain by NoLuckNoSkill's ghost (14 damage)
             ... on level 3 of the Dungeon.
             The game lasted 00:05:55 (2654 turns).

M4edhros the Conjurer (Mummy Conjurer)              Turns: 2654, Time: 00:05:56

Health: -2/35      AC:  2    Str: 11    XL:     5   Next: 26%
Magic:  8/8        EV:  7    Int: 15    God:
Gold:   178        SH:  0    Dex: 13    Spells: 1 memorised, 7 levels left

rFire  x . .     SeeInvis .     f - +2 hunting sling (velocity)
rCold  + . .     Gourm    .     a - +0 robe
rNeg   + + +     Faith    .     (no shield)
rPois  ∞         Spirit   .     (no helmet)
rElec  .         Dismiss  .     (no cloak)
rCorr  .         Reflect  .     (no gloves)
SustAt .         Harm     .     (no boots)
MR     .....                    (no amulet)
Stlth  ++........               (no ring)
                                (no ring)

@: not resistant to hostile enchantments, unstealthy
A: no food or potions, fire vulnerability, cold resistance 1, negative energy
resistance 3, torment resistance, unbreathing
a: no special abilities


You were on level 3 of the Dungeon.
You were not hungry.

You visited 1 branch of the dungeon, and saw 4 of its levels.

You collected 178 gold pieces.

Inventory:

Hand Weapons
 f - a +2 hunting sling of velocity (weapon)
Missiles
 g - 115 stones (quivered)
 h - 5 curare-tipped needles
Armour
 a - a +0 robe (worn)
Scrolls
 c - 2 scrolls of identify
 d - a scroll of recharging {unknown}
 i - 2 scrolls of fog
 j - a scroll of enchant armour
Books
 b - a book of Conjurations

   Spells                             Type                      Level
   a - Magic Dart                     Conjuration                  1
   b - Searing Ray                    Conjuration                  2
   c - Dazzling Spray                 Conjuration/Hexes            3
   d - Fulminant Prism                Conjuration/Hexes            4
   e - Iskenderun's Mystic Blast      Conjuration                  4
   f - Iskenderun's Battlesphere      Conjuration/Charms           5


   Skills:
 - Level 1.5 Dodging
 - Level 1.5 Stealth
 - Level 2.0 Spellcasting
 + Level 5.4 Conjurations


You had 7 spell levels left.
You knew the following spells:

 Your Spells              Type           Power        Failure   Level  Hunger
a - Magic Dart            Conj           ###.         2%          1    N/A

Dungeon Overview and Level Annotations

Branches:
Dungeon (4/15)
 Temple: D:4-7

Altars:
Ashenzari

Annotations:
D:3 NoLuckNoSkill's ghost, amateur HOFi


Innate Abilities, Weirdness & Mutations

You do not eat or drink.
Your flesh is vulnerable to fire.
You are immune to poison.
Your flesh is cold resistant.
You are immune to negative energy.
You are immune to unholy pain and torment.
You can survive without breathing.


Message History

You feel less confused. NoLuckNoSkill's ghost hits you.
You see here a dagger.
NoLuckNoSkill's ghost says, "They lied to you.
The Dungeon just goes down and down forever."
Found 3 gold pieces.
Found a leather armour.
A kobold comes into view. It is wielding a short sword.
The kobold shouts!
Found 34 stones.
Read which item? (? for menu, Esc to quit)
Okay, then.
Found 13 arrows.
A goblin comes into view. It is wielding a dagger.
The kobold hits you with a short sword.
Found a flail.
The goblin shouts!
Found an escape hatch in the ceiling.
There is an escape hatch in the ceiling here.
NoLuckNoSkill's ghost hits you!
You die...

#...# ##### ####
.$.## ....##
.....############
..........#...g.##
..............KW@#
..[............)..#
..................#
............(.....#
..................#
..................#
###...............#
##......(......##
##.....#.....#


You could see NoLuckNoSkill's ghost, a goblin and a kobold.

Vanquished Creatures
  Terence (D:2)
  Natasha (D:3)
  3 adders (D:2)
  An ooze (D:1)
  2 worms
  A dart slug (D:3)
  2 giant geckos
  13 orcs
  2 giant cockroaches
  8 goblins
  7 hobgoblins
  2 quokkas
  6 bats
  4 giant newts
  7 kobolds
  7 rats
67 creatures vanquished.

Notes
Turn   | Place    | Note
--------------------------------------------------------------
     0 | D:1      | M4edhros the Mummy Conjurer began the quest for the Orb.
     0 | D:1      | Reached XP level 1. HP: 13/13 MP: 3/3
   128 | D:1      | Reached XP level 2. HP: 19/19 MP: 1/5
  1073 | D:2      | Reached skill level 4 in Conjurations
  1076 | D:2      | Reached XP level 3. HP: 22/24 MP: 3/6
  1238 | D:2      | Found a shattered altar of Ashenzari.
  1568 | D:2      | Reached XP level 4. HP: 30/30 MP: 7/7
  1595 | D:2      | Noticed Terence
  1613 | D:2      | Killed Terence
  2004 | D:3      | Reached skill level 5 in Conjurations
  2259 | D:3      | Noticed Natasha
  2262 | D:3      | Reached XP level 5. HP: 35/35 MP: 8/8
  2351 | D:3      | Killed Natasha
  2592 | D:3      | Noticed NoLuckNoSkill's ghost (amateur HOFi)
  2654 | D:3      | Slain by NoLuckNoSkill's ghost

Skill      XL: |  1  2  3  4 |
---------------+-------------+-----
Conjurations   | 4 5 |  5.4
Dodging        | |  1.5
Stealth        | |  1.5
Spellcasting   | |  2.0

Action                   |  1- 3 |  4- 6 || total
-------------------------+-------+-------++-------
Melee: Unarmed           |     5 |       ||     5
 Fire: Hunting sling     |    52 |    96 ||   148
 Cast: Magic Dart        |    36 |    31 ||    67
  Use: Scroll            |       |     7 ||     7
Armor: Robe              |     3 |     5 ||     8
Dodge: Dodged            |    20 |    26 ||    46
